 Dungeon Crawl Stone Soup version 0.31-a0-177-g4aa6249778 (webtiles) character file.

Game seed: 1822435248585130145

364 qw the Shooter (level 6, -2/57 HPs)
             Began as a Naga Hunter on June 18, 2023.
             Slain by a gnoll
             ... wielding a +0 spear
             ... led by a gnoll sergeant
              (6 damage)
             ... on level 4 of the Dungeon.
             The game lasted 00:01:03 (2101 turns).

qw the Shooter (Naga Hunter)                        Turns: 2101, Time: 00:01:03

Health: -2/57      AC:  5    Str: 17    XL:     6   Next: 67%
Magic:  6/6        EV:  9    Int:  9    God:
Gold:   186        SH:  0    Dex: 16    Spells: 5/5 levels left

rFire   . . .        Y - +0 shortbow
rCold   . . .        (shield currently unavailable)
rNeg    + . .        n - +2 leather armour of the Game of Kings {+Inv Regen+ Str+3}
rPois   +            (no helmet)
rElec   .            (no cloak)
rCorr   .            (no gloves)
SInv    +            (no barding)
Will    .....        a - amulet of the acrobat
Stlth   ++           b - ring of positive energy
HPRegen 1.09/turn    (no ring)
MPRegen 0.10/turn

%: acrobat
@: short of breath, very slow
A: AC +2, large, see invisible, deformed body, poison resistance, slowness 2,
spit poison 1, naga tail 1
a: Spit Poison, Evoke Invisibility


You were on level 4 of the Dungeon.
You visited 1 branch of the dungeon, and saw 4 of its levels.

You collected 186 gold pieces.


Innate Abilities, Weirdness & Mutations

Your serpentine skin is tough. (AC +2)
You have supernaturally acute eyesight. (SInv)
Armour fits poorly on your strangely shaped body.
Your system is resistant to poisons. (rPois)
You cover ground very slowly.
You can spit poison.
You have a snake-like lower body.


   Skills:
 - Level 4.0 Fighting
 + Level 6.3 Ranged Weapons
 - Level 1.5 Dodging
 - Level 1.5 Stealth


You had 5 spell levels left.
You didn't know any spells.
Your spell library was empty.

Inventory:

Hand Weapons
 Y - a +0 shortbow (weapon)
Armour
 n - the +2 leather armour of the Game of Kings (worn) {+Inv Regen+ Str+3}
   (You found it on level 3 of the Dungeon)

   Str:       It affects your strength (+3).
   +Inv:      It lets you turn invisible.
   Regen:     It increases your rate of health regeneration.
Jewellery
 a - an amulet of the acrobat (around neck)
 b - a ring of positive energy (left hand)
 i - a ring of fire
 l - a ring of fire
Scrolls
 d - a scroll of identify
 f - a scroll of brand weapon {unknown}
Potions
 c - a potion of haste {unknown}
 e - a potion of attraction {unknown}
 g - a potion of invisibility {unknown}
 j - a potion of lignification {unknown}
 k - a potion of degeneration {unknown}
 o - a potion of magic {unknown}

Dungeon Overview and Level Annotations

Branches:
Dungeon (4/15)
 Temple: D:4-7

Altars:
Trog


Message History

You shoot an arrow. The arrow hits the gnoll sergeant!
The gnoll sergeant is severely wounded.
The gnoll sergeant hits you from afar with a +0 spear.
The gnoll barely misses you.
You shoot an arrow. The arrow hits the gnoll sergeant.
You kill the gnoll sergeant!
The gnoll hits you from afar with a +0 spear. x2
You shoot an arrow. The arrow barely misses the gnoll.
The arrow hits the gnoll.
The gnoll is moderately wounded.
You hear an angry hiss.
The gnoll hits you with a +0 club. The gnoll barely misses you.
You shoot an arrow. The arrow hits the gnoll.
The gnoll is lightly wounded.
The gnoll hits you from afar with a +0 spear.
The gnoll hits you but does no damage.
You shoot an arrow. The arrow closely misses the gnoll. x2
The arrow hits the gnoll but does no damage.
You have got your breath back.
The gnoll hits you from afar with a +0 spear.
The gnoll hits you but does no damage.
2098 ||| INVOKING Spit Poison.
Aiming: Spit Poison (1% risk of failure)
Press: ? - help, Shift-Dir - straight line, f/p - gnoll The splash of poison misses the gnoll.
The splash of poison hits the gnoll.
The gnoll is heavily wounded.
The gnoll hits you from afar with a +0 spear.
The gnoll hits you with a +0 club.
You shoot an arrow. The arrow barely misses the gnoll. x2
The arrow closely misses the phantom.
The gnoll misses you. The gnoll hits you with a +0 club.
An iguana comes into view.
You shoot an arrow. The arrow barely misses the gnoll.
The arrow hits the gnoll.
The gnoll is heavily wounded.
The gnoll hits you from afar with a +0 spear!
The gnoll hits you with a +0 club.
You shoot an arrow.
The arrow hits the gnoll but does no damage.
The gnoll is lightly wounded.
The gnoll hits you from afar with a +0 spear.
You die...

#.## #######
#..#####.....#
##...........#
##########.....#
.#...# #.....#
......# ##.....#
....... ##......#
......g##.......#
.....wgg@.#.....#
.....lW####.....#
.#...#. #.....#
### #w .###### .g
: .. . W.. ...


You could see a phantom, an iguana, 3 gnolls and a dart slug.

Vanquished Creatures
  A gnoll sergeant (D:4)
  A jelly (D:4)
  An iguana (D:4)
  Natasha (thrice) (D:4)
  Terence (D:2)
  7 adders
  A dart slug (D:1)
  An orc (D:2)
  9 bats
  5 endoplasms
  A giant cockroach (D:1)
  4 goblins
  6 hobgoblins
  10 jackals
  5 quokkas
  7 ball pythons
  2 frilled lizards
  10 kobolds
  5 rats
80 creatures vanquished.

Vanquished Creatures (others)
  A wizard (D:3)
1 creature vanquished.

Grand Total: 81 creatures vanquished

Notes
Turn   | Place    | Note
-------+----------+-------------------------------------------
     0 | D:1      | qw the Naga Hunter began the quest for the Orb.
     0 | D:1      | Reached XP level 1. HP: 19/19 MP: 1/1
     0 | D:1      | 0 ||| qw: Version: 0.3-a-5-g6f28e65
     0 | D:1      | 0 ||| qw: Game counter: 620
     0 | D:1      | 0 ||| qw: Always use a shield: true
     0 | D:1      | 0 ||| qw: God list: Okawaru
     0 | D:1      | 0 ||| qw: Allow faded altars: false
     0 | D:1      | 0 ||| qw: Do Orc after D:15 true
     0 | D:1      | 0 ||| qw: Do second Lair branch before Depths: true
     0 | D:1      | 0 ||| qw: Lair rune preference: random
     0 | D:1      | 0 ||| qw: Plans: Normal
     0 | D:1      | 0 ||| PLANNING D:1-11
    14 | D:1      | 14 ||| INVOKING Spit Poison.
    24 | D:1      | 24 ||| INVOKING Spit Poison.
    31 | D:1      | 31 ||| INVOKING Spit Poison.
    32 | D:1      | Reached skill level 4 in Ranged Weapons
    32 | D:1      | Reached XP level 2. HP: 26/26 MP: 2/2
    36 | D:1      | 36 ||| INVOKING Spit Poison.
    53 | D:1      | 53 ||| INVOKING Spit Poison.
    59 | D:1      | 59 ||| INVOKING Spit Poison.
   124 | D:1      | 124 ||| INVOKING Spit Poison.
   127 | D:1      | 127 ||| INVOKING Spit Poison.
   160 | D:1      | 160 ||| INVOKING Spit Poison.
   165 | D:1      | 165 ||| INVOKING Spit Poison.
   170 | D:1      | 170 ||| INVOKING Spit Poison.
   173 | D:1      | Reached XP level 3. HP: 12/32 MP: 3/3
   176 | D:1      | 176 ||| INVOKING Spit Poison.
   274 | D:1      | 274 ||| INVOKING Spit Poison.
   286 | D:1      | 286 ||| INVOKING Spit Poison.
   335 | D:1      | 335 ||| INVOKING Spit Poison.
   352 | D:1      | 352 ||| INVOKING Spit Poison.
   492 | D:1      | 492 ||| READING scroll labelled EGAXOUFU BAOCW.
   493 | D:1      | 493 ||| READING scroll labelled WADAMYTECU.
   493 | D:1      | Identified a scroll of acquirement
   493 | D:1      | 493 ||| ACQUIRING amulet of the acrobat
   493 | D:1      | Acquired an amulet of the acrobat
   495 | D:1      | 495 ||| UPGRADING to amulet of the acrobat.
   500 | D:1      | 500 ||| READING 2 scrolls labelled WEEMAR DAGG.
   501 | D:1      | 501 ||| DROPPING scroll of butterflies.
   502 | D:1      | 502 ||| DROPPING scroll of immolation.
   508 | D:2      | 508 ||| INVOKING Spit Poison.
   551 | D:2      | 551 ||| INVOKING Spit Poison.
   554 | D:2      | 554 ||| INVOKING Spit Poison.
   558 | D:2      | 558 ||| INVOKING Spit Poison.
   562 | D:2      | 562 ||| INVOKING Spit Poison.
   568 | D:2      | 568 ||| INVOKING Spit Poison.
   592 | D:2      | 592 ||| INVOKING Spit Poison.
   643 | D:2      | Found a faded altar of an unknown god.
   647 | D:2      | 647 ||| INVOKING Spit Poison.
   648 | D:2      | Reached skill level 5 in Ranged Weapons
   706 | D:2      | Reached XP level 4. HP: 39/39 MP: 4/4
   713 | D:2      | 713 ||| INVOKING Spit Poison.
   745 | D:2      | 745 ||| INVOKING Spit Poison.
   757 | D:2      | 757 ||| INVOKING Spit Poison.
   762 | D:2      | 762 ||| INVOKING Spit Poison.
   845 | D:2      | 845 ||| INVOKING Spit Poison.
   846 | D:2      | Reached skill level 3 in Fighting
   911 | D:2      | 911 ||| INVOKING Spit Poison.
   975 | D:2      | Noticed Terence
   976 | D:2      | 976 ||| INVOKING Spit Poison.
   979 | D:2      | Killed Terence
   980 | D:2      | Reached XP level 5. HP: 49/49 MP: 5/5
   991 | D:2      | 991 ||| INVOKING Spit Poison.
  1014 | D:2      | 1014 ||| INVOKING Spit Poison.
  1024 | D:2      | 1024 ||| INVOKING Spit Poison.
  1046 | D:2      | 1046 ||| INVOKING Spit Poison.
  1061 | D:2      | 1061 ||| INVOKING Spit Poison.
  1197 | D:2      | 1197 ||| READING scroll labelled HIUFAAVIEH.
  1198 | D:2      | 1198 ||| DRINKING 2 glowing black potions.
  1216 | D:3      | 1216 ||| INVOKING Spit Poison.
  1322 | D:3      | 1322 ||| INVOKING Spit Poison.
  1328 | D:3      | 1328 ||| INVOKING Spit Poison.
  1340 | D:3      | 1340 ||| INVOKING Spit Poison.
  1354 | D:3      | 1354 ||| INVOKING Spit Poison.
  1414 | D:3      | Found a bloodstained altar of Trog.
  1415 | D:3      | Noticed a wizard
  1419 | D:3      | Killed a wizard
  1497 | D:3      | Identified the +2 leather armour of the Game of Kings {+Inv
                  | Regen+ Str+3}
  1543 | D:3      | 1543 ||| INVOKING Spit Poison.
  1565 | D:3      | 1565 ||| INVOKING Spit Poison.
  1570 | D:3      | 1570 ||| INVOKING Spit Poison.
  1572 | D:3      | HP: 5/49 [kobold/+2 dagger of electrocution (12)]
  1574 | D:3      | 1574 ||| INVOKING Spit Poison.
  1577 | D:3      | HP: 3/49 [rat (1)]
  1579 | D:3      | 1579 ||| INVOKING Spit Poison.
  1580 | D:3      | 1580 ||| INVOKING Spit Poison.
  1580 | D:3      | HP: 1/49 [kobold/+0 short sword (1)]
  1591 | D:3      | 1591 ||| FLEEEEING.
  1592 | D:3      | 1592 ||| FLEEEEING.
  1601 | D:3      | 1601 ||| STAIRDANCE
  1745 | D:2      | 1745 ||| UPGRADING to +2 leather armour of the Game of
                  | Kings {+Inv Regen+ Str+3}.
  1755 | D:2      | 1755 ||| DROPPING +0 leather armour.
  1756 | D:2      | 1756 ||| UPGRADING to ring of positive energy.
  1757 | D:2      | 1757 ||| READING scroll labelled TODAORIEPRUN.
  1769 | D:3      | 1769 ||| INVOKING Spit Poison.
  1838 | D:3      | 1838 ||| DRINKING 2 sedimented green potions.
  1839 | D:3      | 1839 ||| DRINKING potion of curing.
  1839 | D:3      | 1839 ||| (to cure confusion)
  1840 | D:3      | 1840 ||| DRINKING 2 white potions.
  1841 | D:3      | 1841 ||| DROPPING potion of ambrosia.
  1842 | D:3      | 1842 ||| DROPPING potion of brilliance.
  1902 | D:4      | Noticed Natasha
  1904 | D:4      | 1904 ||| INVOKING Spit Poison.
  1908 | D:4      | Killed Natasha
  1915 | D:4      | 1915 ||| INVOKING Spit Poison.
  1918 | D:4      | 1918 ||| INVOKING Spit Poison.
  1924 | D:4      | 1924 ||| INVOKING Spit Poison.
  1928 | D:4      | 1928 ||| INVOKING Spit Poison.
  1929 | D:4      | 1929 ||| INVOKING Spit Poison.
  1935 | D:4      | Noticed Natasha
  1938 | D:4      | 1938 ||| INVOKING Spit Poison.
  1940 | D:4      | Killed Natasha
  1941 | D:4      | Reached skill level 6 in Ranged Weapons
  1944 | D:4      | 1944 ||| INVOKING Spit Poison.
  1947 | D:4      | 1947 ||| INVOKING Spit Poison.
  1951 | D:4      | Reached XP level 6. HP: 50/56 MP: 6/6
  1981 | D:4      | 1981 ||| INVOKING Spit Poison.
  1984 | D:4      | 1984 ||| INVOKING Spit Poison.
  1994 | D:4      | Noticed Natasha
  1995 | D:4      | 1995 ||| INVOKING Spit Poison.
  1997 | D:4      | Killed Natasha
  2084 | D:4      | 2084 ||| Stepping ~*~*~tactically~*~*~ (outnumbered).
  2086 | D:4      | 2086 ||| Stepping ~*~*~tactically~*~*~ (outnumbered).
  2088 | D:4      | 2088 ||| Stepping ~*~*~tactically~*~*~ (outnumbered).
  2090 | D:4      | 2090 ||| Stepping ~*~*~tactically~*~*~ (outnumbered).
  2091 | D:4      | 2091 ||| INVOKING Spit Poison.
  2098 | D:4      | 2098 ||| INVOKING Spit Poison.
  2098 | D:4      | HP: 13/57 [gnoll/+0 club[a gnoll sergeant] (2)]
  2100 | D:4      | HP: 4/57 [gnoll/+0 spear[a gnoll sergeant] (8)]
  2101 | D:4      | Slain by a gnoll

Levels and vault maps discovered:
D:1:      spicycebolla_green_bress_n_ham_2, layout_rooms
D:2:      layout_loops_cross, nicolae_ecumenical_snake_handling,
          minmay_misc_feat_four_crosses, uniq_terence
D:3:      layout_rooms, trog_wizard, serial_park_tiny_pond, minmay_box_of_dots
D:4:      layout_rooms, mainiacjoe_overflow_tiny_flanked, uniq_natasha

Skill      XL: |  1  2  3  4  5  6 |
---------------+-------------------+-----
Ranged Weapons | 4 5 6 |  6.3
Fighting       | 3 4 |  4.0
Dodging        | |  1.5
Stealth        | |  1.5

Action                     |  1- 3 |  4- 6 || total
---------------------------+-------+-------++-------
   Fire: Shortbow          |    56 |   116 ||   172
Ability: Spit Poison       |    24 |    36 ||    60
    Use: Scroll            |     3 |     2 ||     5
         Potion            |       |     4 ||     4
 Armour: Leather armour    |    13 |    23 ||    36
  Dodge: Dodged            |    12 |    40 ||    52

Table legend:
 A = Non-vault XP
 B = Vault XP
 C = Vault XP percentage of total XP
 D = Non-vault monster count
 E = Vault monster count
 F = Vault count percentage of total count
                 A         B        C        D         E       F
            +---------+---------+-------+---------+---------+-------
      Total |     421 |      99 |  19.0 |      70 |      10 |  12.5
            +---------+---------+-------+---------+---------+-------
        D:1 |      46 |       0 |   0.0 |      25 |       0 |   0.0
        D:2 |      93 |      54 |  36.7 |      26 |       4 |  13.3
        D:3 |      26 |       9 |  25.7 |       9 |       5 |  35.7
        D:4 |     256 |      36 |  12.3 |      10 |       1 |   9.1
            +---------+---------+-------+---------+---------+-------
